 Dungeon Crawl Stone Soup version 0.28.0-53-g5a82cb258f (webtiles) character file.

Game seed: 13995747749841775394

37 issech the Chopper (level 3, 0/33 HPs)
             Began as a Minotaur Monk on May 25, 2022.
             Slain by a hound (2 damage)
             ... on level 4 of the Dungeon.
             The game lasted 00:03:18 (1298 turns).

issech the Chopper (Minotaur Monk)                  Turns: 1298, Time: 00:03:18

Health: 0/33       AC:  2    Str: 15    XL:     3   Next: 23%
Magic:  2/2        EV: 13    Int:  7    God:
Gold:   32         SH:  0    Dex: 14    Spells: 2/2 levels left

rFire   . . .      SeeInvis .   a - +0 hand axe
rCold   . . .      Faith    .   (no shield)
rNeg    . . .      Spirit   .   b - +0 robe
rPois   .          Reflect  .   (helmet restricted)
rElec   .          Harm     .   (no cloak)
rCorr   .          Rampage  .   (no gloves)
Will    .....                   (no boots)
Stlth   ++........              (no amulet)
HPRegen 0.11/turn               (no ring)
MPRegen 0.08/turn               (no ring)

@: no status effects
A: horns 2, retaliatory headbutt
a: no special abilities


You were on level 4 of the Dungeon.
You visited 1 branch of the dungeon, and saw 3 of its levels.

You collected 32 gold pieces.

Inventory:

Hand Weapons
 a - a +0 hand axe (weapon)
 c - a +0 dagger
 d - a +0 short sword
 e - a +0 dagger
 i - a +0 club
 j - a +0 whip
 p - a +0 mace
 q - a +0 dagger
Missiles
 k - 21 stones (quivered)
 l - 37 bolts
Armour
 b - a +0 robe (worn)
 o - a +0 ring mail
Scrolls
 f - a scroll of fear {unknown}
 g - a scroll of torment {unknown}
 m - 3 scrolls of identify {unknown}
 n - a scroll of amnesia {unknown}
Potions
 h - a potion of berserk rage {unknown}


   Skills:
 + Level 4.2 Fighting
 + Level 4.3 Axes
 + Level 3.6 Dodging
 + Level 1.8 Stealth


You had 2 spell levels left.
You didn't know any spells.
Your spell library was empty.

Dungeon Overview and Level Annotations

Branches:
Dungeon (2/15)

Altars:


Innate Abilities, Weirdness & Mutations

You have a pair of horns on your head.
You reflexively headbutt those who attack you in melee.


Message History

You hit the orc.
You kill the orc!
You hit the bullfrog skeleton. The bullfrog skeleton hits you.
The hound bites you but does no damage.
You closely miss the hound.
The hound is moderately wounded.
You hit the bullfrog skeleton. You hit the orc. The hound barely misses you.
The bullfrog skeleton hits you. The orc misses you.
The hound closely misses you. You furiously retaliate!
You headbutt the hound.
The bullfrog skeleton hits you but does no damage.
You barely miss the orc.
The orc is heavily wounded.
You hit the hound.
You hit the bullfrog skeleton but do no damage.
The hound closely misses you. The orc barely misses you.
The bullfrog skeleton closely misses you.
The hound closely misses you. The orc barely misses you.
You furiously retaliate!
You headbutt the orc!
You kill the orc!
The orc hits you with a +0 hand axe. The orc hits you with a +0 war axe.
* * * LOW HITPOINT WARNING * * *
Items here: ))) ††.
You hit the orc.
The orc is almost dead.
You hit the orc but do no damage. You hit the hound.
The orc closely misses you. The orc barely misses you.
The hound barely misses you. The orc closely misses you.
The hound barely misses you. The hound bites you.
* * * LOW HITPOINT WARNING * * *
The hound bites you.
* * * LOW HITPOINT WARNING * * *
The orc misses you. The hound barely misses you. The hound misses you.
The hound barely misses you.
You hit the hound.
The hound is severely wounded.
The hound bites you.
You die...

###########. ####
#o.h@.......
....#######Z##########
... #.............#
... #.............#
... #.............#
... #.............#
... #.............#
... #.............#
...##.............#


You could see a hound, an orc and a bullfrog skeleton.

Vanquished Creatures
  3 orcs (D:4)
  5 endoplasms
  A giant cockroach (D:2)
  4 hobgoblins (D:1)
  2 jackals (D:1)
  6 kobolds
  A bat (D:1)
  2 frilled lizards (D:1)
  2 goblins (D:1)
  5 rats
31 creatures vanquished.

Notes
Turn   | Place    | Note
-------+----------+-------------------------------------------
     0 | D:1      | issech the Minotaur Monk began the quest for the Orb.
     0 | D:1      | Reached XP level 1. HP: 19/19 MP: 0/0
   484 | D:1      | Reached XP level 2. HP: 27/27 MP: 1/1
  1213 | D:2      | Reached XP level 3. HP: 33/33 MP: 2/2
  1259 | D:2      | You fall into a shaft and drop 2 floors!
  1291 | D:4      | HP: 1/33 [hound (4)]
  1298 | D:4      | Slain by a hound

Illustrated notes

Levels and vault maps discovered:
D:1:      kennysheep_arrival_forest, layout_loops_ring
D:2:      layout_rooms, serial_shops, nicolae_shop_statue_plus
D:4:      layout_basic, mainiacjoe_overflow_big_doors,
          corexii_item_surrounded_by_moat, minmay_vboxes

Skill      XL: |  1  2 |
---------------+-------+-----
Fighting       | 4 |  4.2
Axes           | 4 |  4.3
Dodging        | |  3.6
Stealth        | |  1.8

Action                   || total
-------------------------++-------
Melee: Hand axe          ||    64
       Headbutt          ||     6
       Punch             ||     2
 Stab: Sleeping          ||     2
Armor: Robe              ||    14
Dodge: Dodged            ||    57
